Cogmind - Beta 13 X1 @@@ ROGUE MODE // 2023.08.17 @ 14:39:51 Player: f3-rnm Result: Self-destructed Performance ------------- Evolutions (0) 0 Regions Visited (4) 800 Robots Destroyed (25) 125 Value Destroyed (656) 656 Prototype IDs (1) 20 Alien Tech Used (0) 0 Bonus (0) 0 TOTAL SCORE: 1601 Bonus ------- None Cogmind --------- Core Integrity 29/250 Matter 258/300 Energy 51/265 System Corruption 14% Temperature Cool (45) Movement Treading (240) Ox1 Location -9/Mines Parts ------- > --- POWER (1) -------- Improved Ion Engine > --- PROPULSION (2) --- Light Treads Light Treads > --- UTILITY (2) ------ Large Storage Unit Light Armor Plating > --- WEAPON (2) ------- Latent Energy Streamer Light Cannon > --- INVENTORY (15) --- Light Ion Engine Light Nuclear Core Light Treads Light Treads Light Treads Light Treads Small Storage Unit Signal Interpreter Improved Terrain Scanner Transport Network Coupler Power Shielding Light Armor Plating Particle Cannon Particle Cannon Grenade Launcher Peak State ------------ > --- POWER ------------ Improved Ion Engine > --- PROPULSION ------- Light Treads Light Treads > --- UTILITY ---------- Large Storage Unit Light Armor Plating > --- WEAPON ----------- Latent Energy Streamer Light Cannon > --- INVENTORY -------- Light Ion Engine Light Nuclear Core Light Treads Light Treads Light Treads Light Treads Small Storage Unit Signal Interpreter Improved Terrain Scanner Transport Network Coupler Power Shielding Light Armor Plating Particle Cannon Particle Cannon Grenade Launcher [Rating: 19] Favorites ----------- Power Ion Engine Engine Ion Engine Propulsion Light Treads Treads Light Treads Leg Aluminum Leg Utility Large Storage Unit Device Heat Sink Storage Large Storage Unit Processor Visual Processing Unit Protection Light Armor Plating Weapon Light Assault Rifle Energy Cannon Latent Energy Streamer Ballistic Gun Light Assault Rifle Ballistic Cannon Light Cannon Build | -11 -10 -10 -10 -9 ------- Run | Jun Mat Min Exi Min Slots Evolved . | . . . . . Power . | . . . . . Propulsion . | . . . . . Utility . | . . . . . Weapon . | . . . . . Parts Attached 27 | 6 18 2 1 . Power 4 | 1 2 1 . . Engine 4 | 1 2 1 . . Core . | . . . . . Reactor . | . . . . . Propulsion 9 | 2 7 . . . Treads 7 | 2 5 . . . Leg 2 | . 2 . . . Wheel . | . . . . . Hover . | . . . . . Flight . | . . . . . Utility 6 | 1 4 1 . . Device 1 | . 1 . . . Storage 3 | 1 2 . . . Processor 1 | . 1 . . . Hackware . | . . . . . Protection 1 | . . 1 . . Artifact . | . . . . . Weapon 8 | 2 5 . 1 . Energy Gun . | . . . . . Energy Cannon 1 | . . . 1 . Ballistic Gun 6 | 2 4 . . . Ballistic Cannon 1 | . 1 . . . Launcher . | . . . . . Special Weapon . | . . . . . Impact Weapon . | . . . . . Slashing Weapon . | . . . . . Piercing Weapon . | . . . . . Special Melee Weapon . | . . . . . Unidentified Prototypes 1 | . . . 1 . Parts Lost 4 | . 4 . . . Power . | . . . . . Propulsion 2 | . 2 . . . Utility 1 | . 1 . . . Weapon 1 | . 1 . . . Highest Loss Streak 1 | . 1 . . . To Critical Strikes . | . . . . . Average Slot Usage (%) 94 | . 91 98 100 100 Engine 14 | . 14 14 14 14 Treads 22 | . 19 28 28 28 Leg 3 | . 4 . . . Device 1 | . 3 . . . Storage 14 | . 14 14 14 14 Processor 5 | . 7 3 . . Protection 4 | . . 9 14 14 Energy Cannon 2 | . . . 9 14 Ballistic Gun 18 | . 25 14 4 . Ballistic Cannon 5 | . 1 14 14 14 Naked Turns . | . . . . . Heaviest Build 43 | 13 29 34 43 43 Greatest Support 40 | 40 40 40 40 40 Greatest Overweight (x) 4 | . 4 . 1 1 Average Overweight (x) . | . . . . 1 Largest Inventory Capacity 15 | 8 15 15 15 15 Average Capacity 13 | 7 13 15 15 15 Most Carried 15 | 4 15 15 15 15 Average Carried 10 | 1 8 14 15 15 Final Capacity 15 | 8 15 15 15 15 Final Carried 15 | 1 15 15 15 15 Class Distribution -------------------- 100% | Mutant Dominant Class ---------------- Mutant | -10/Materials Mutant | -10/Mines Mutant | -10/Exiles Mutant | -9/Mines Resources | -11 -10 -10 -10 -9 ----------- Run | Jun Mat Min Exi Min Matter Collected 740 | 235 449 56 . . Remotely . | . . . . . Salvage Created 908 | . 707 86 115 . Parts 58 | . 46 10 2 . Haulers Intercepted 1 | . 1 . . . Recyclers Shooed 1 | . 1 . . . Parts Field Recycled . | . . . . . Retrieved Matter . | . . . . . Parts Self-Destructed . | . . . . . Prevented . | . . . . . Kills | -11 -10 -10 -10 -9 ------- Run | Jun Mat Min Exi Min Combat Hostiles Destroyed 22 | . 18 2 2 . Guns 19 | . 18 1 . . Cannons 1 | . . 1 . . AOE 2 | . . . 2 . Classes Destroyed 7 | . 5 1 1 . Builder 1 | . 1 . . . Hauler 1 | . 1 . . . Recycler 1 | . 1 . . . Swarmer 8 | . 8 . . . Grunt 10 | . 10 . . . Sentry 2 | . . 2 . . Hunter 2 | . . . 2 . Best Kill Streak 4 | . 4 2 2 . Combat Bots Only 4 | . 4 2 2 . Max Kills in Single Turn 2 | . 1 1 2 . Gunslinging . | . . . . . Exploded 2 | . . . 2 . Melee . | . . . . . Uniques/NPCs Destroyed . | . . . . . Combat | -11 -10 -10 -10 -9 -------- Run | Jun Mat Min Exi Min Damage Taken 984 | . 726 136 . 122 Core 221 | . 151 28 . 42 Absorbed by Shields . | . . . . . Core Remaining (%) 100 | 100 . . . . Volleys Fired 82 | . 71 6 4 1 Largest 2 | . 2 2 2 2 Hottest 95 | . 55 55 95 95 Shots Fired 165 | . 140 12 10 3 Gun 147 | . 139 6 2 . Cannon 18 | . 1 6 8 3 Launcher . | . . . . . Special . | . . . . . Kinetic 160 | . 140 12 7 1 Thermal . | . . . . . Explosive . | . . . . . Electromagnetic 5 | . . . 3 2 Robot Hit Streak 15 | . 15 6 1 . Robot Miss Streak 4 | . 4 1 2 . Penetration Max . | . . . . . Secondary Targets 3 | . 3 . . . Max Gunslinging Chain 1 | . 1 . . . Shots Hit Robots 97 | . 86 10 1 . Core Hits 47 | . 38 4 5 . Critical Kills . | . . . . . Critical Parts Destroyed . | . . . . . Critical Strikes . | . . . . . Melee Attacks . | . . . . . Impact . | . . . . . Slashing . | . . . . . Piercing . | . . . . . Sneak Attacks . | . . . . . Combat Hostiles . | . . . . . Follow-up Attacks . | . . . . . Damage Inflicted 1250 | . 877 133 240 . Guns 929 | . 877 46 6 . Cannons 87 | . . 87 . . Explosions 234 | . . . 234 . Melee . | . . . . . Ramming . | . . . . . Kinetic 1016 | . 877 133 6 . Thermal . | . . . . . Explosive . | . . . . . Electromagnetic 234 | . . . 234 . Impact . | . . . . . Slashing . | . . . . . Piercing . | . . . . . Highest Corruption 14 | . 4 4 11 14 Average Corruption 4 | . 3 4 6 12 Corruption Purged . | . . . . . Corruption Blocked . | . . . . . Effects 42 | . 23 2 16 1 Message Errors 12 | . 5 2 5 . Matter Fused 4 | . 3 . 1 . Heat Flow Errors 4 | . 2 . 2 . Energy Discharges 3 | . 1 . 2 . Parts Rejected 2 | . 2 . . . Data Loss (minor) 6 | . 2 . 4 . Data Loss (major) 3 | . 3 . . . Misfires 5 | . 2 . 2 1 Alerts 1 | . 1 . . . Weapon Failures 2 | . 2 . . . Overload Shots . | . . . . . Overflow Damage . | . . . . . Projectiles . | . . . . . Explosions . | . . . . . Melee . | . . . . . Knockbacks . | . . . . . Impact . | . . . . . Kinetic . | . . . . . Secondary . | . . . . . Self-Inflicted Damage 55 | . . . . 55 Shots 1 | . . . . 1 Rammed . | . . . . . Targets Rammed . | . . . . . Kicked . | . . . . . Crushed . | . . . . . Highest Temperature 231 | . 231 76 193 45 Average Temperature 50 | . 48 43 60 25 Received Heat Transfer 303 | . 213 90 . . Siege Activations . | . . . . . Robots Corrupted . | . . . . . Combat Hostiles . | . . . . . Parts Fried 1 | . . . 1 . Impact Corruptions . | . . . . . Robots Melted . | . . . . . Combat Hostiles . | . . . . . Parts Melted . | . . . . . Heat Transferred . | . . . . . Parts Sabotaged . | . . . . . Parts Stolen . | . . . . . Parts Stripped . | . . . . . Power Chain Reactions . | . . . . . Missiles Intercepted . | . . . . . Latent Energy Used 561 | . . . 397 164 LE Corruption 10 | . . . 7 3 Alert | -11 -10 -10 -10 -9 ------- Run | Jun Mat Min Exi Min Peak Influence 273 | . 273 86 . 11 Initial 31 | . . 31 . . Average 130 | . 144 76 . 6 Maximum Alert Level 1 | . 1 . . . Low Security (%) 79 | 100 75 100 . 100 Level 1 20 | . 24 . . . Level 2 . | . . . . . Level 3 . | . . . . . Level 4 . | . . . . . Level 5 . | . . . . . High Security . | . . . . . Max Security . | . . . . . Squads Dispatched 4 | . 4 . . . Investigation 2 | . 2 . . . Extermination . | . . . . . Reinforcement 2 | . 2 . . . Assault . | . . . . . Garrison . | . . . . . Intercept . | . . . . . Searches Triggered . | . . . . . Construction Impeded . | . . . . . Haulers Reinforced . | . . . . . Active Scanning Responses . | . . . . . Cargo Convoy Interrupts . | . . . . . Stealth | -11 -10 -10 -10 -9 --------- Run | Jun Mat Min Exi Min Distress Signals 1 | . 1 . . . Communications Jammed . | . . . . . Distress Signals . | . . . . . Times Spotted 33 | . 27 2 . 4 Peak Tracking Total 5 | . 5 2 . 4 Tactical Retreats 1 | . 1 . . . Traps | -11 -10 -10 -10 -9 ------- Run | Jun Mat Min Exi Min Traps Triggered 7 | . 7 . . . Indirectly . | . . . . . Trap Hack Attempts . | . . . . . Triggered . | . . . . . Disarmed . | . . . . . Reprogrammed . | . . . . . Reused . | . . . . . Traps Extracted . | . . . . . Installed . | . . . . . Triggered . | . . . . . Machines | -11 -10 -10 -10 -9 ---------- Run | Jun Mat Min Exi Min Machines Disabled 1 | . 1 . . . Max in Single Turn 1 | . 1 . . . Machines Repaired . | . . . . . Machines Sabotaged . | . . . . . Overloaded Fab Kills . | . . . . . Hacking | -11 -10 -10 -10 -9 --------- Run | Jun Mat Min Exi Min Machines Accessed 4 | . 3 . 1 . Terminals 2 | . 2 . . . Fabricators . | . . . . . Repair Stations . | . . . . . Recycling Units 1 | . 1 . . . Scanalyzers . | . . . . . Garrison Access . | . . . . . Total Hacks 11 | . 8 . 3 . Successful 5 | . 2 . 3 . Failed 6 | . 6 . . . Catastrophic 1 | . 1 . . . Database Lockouts . | . . . . . Manual 8 | . 7 . 1 . Terminals 6 | . 6 . . . Fabricators . | . . . . . Repair Stations . | . . . . . Recycling Units 2 | . 2 . . . Scanalyzers . | . . . . . Garrison Access . | . . . . . Terminal Hacks 5 | . 2 . 3 . Record 3 | . . . 3 . Robot Analysis 2 | . 2 . . . Fabricator Hacks . | . . . . . Repair Station Hacks . | . . . . . Recycling Unit Hacks . | . . . . . Scanalyzer . | . . . . . Garrison Access Hacks . | . . . . . Unauthorized Hacks . | . . . . . Terminals . | . . . . . Fabricators . | . . . . . Repair Stations . | . . . . . Recycling Units . | . . . . . Scanalyzers . | . . . . . Garrison Access . | . . . . . Data Cores Recovered . | . . . . . Used . | . . . . . Hacking Detections 3 | . 3 . . . Full Trace Events 1 | . 1 . . . Feedback Events . | . . . . . Feedback Blocked . | . . . . . Robot Schematics Acquired . | . . . . . Robots Built . | . . . . . Authchips . | . . . . . Time . | . . . . . Total Robot Build Rating . | . . . . . Part Schematics Acquired . | . . . . . Parts Built . | . . . . . Authchips . | . . . . . Time . | . . . . . Total Part Build Rating . | . . . . . Parts Repaired . | . . . . . Time . | . . . . . Parts Recycled . | . . . . . Recycled Matter . | . . . . . Retrieved Matter . | . . . . . Retrieved Components . | . . . . . Parts Scanalyzed . | . . . . . Part Schematics Acquired . | . . . . . Parts Damaged . | . . . . . Bothacking | -11 -10 -10 -10 -9 ------------ Run | Jun Mat Min Exi Min Used RIF Installer . | . . . . . Robots Hacked . | . . . . . Non-combat . | . . . . . Combat . | . . . . . Robot Hacks Applied . | . . . . . Relay Couplers Released . | . . . . . Fabnet Peak Effective % . | . . . . . Robots Rewired . | . . . . . Allies Hacked . | . . . . . Hacks Repelled . | . . . . . Allies | -11 -10 -10 -10 -9 -------- Run | Jun Mat Min Exi Min Total Allies . | . . . . . Largest Group . | . . . . . Highest-Rated Group . | . . . . . Highest-Rated Ally . | . . . . . Total Orders . | . . . . . Ally Attacks . | . . . . . Total Damage . | . . . . . Kills . | . . . . . Allies Corrupted . | . . . . . Allies Melted . | . . . . . Intel | -11 -10 -10 -10 -9 ------- Run | Jun Mat Min Exi Min Robot Analysis Total 2 | . 2 . . . Derelict Logs Recovered . | . . . . . Drone Launches . | . . . . . Drone Recoveries . | . . . . . Exploration | -11 -10 -10 -10 -9 ------------- Run | Jun Mat Min Exi Min Turns Passed 2006 | 65 1247 120 556 18 Spaces Moved 912 | 46 550 61 249 6 Core 23 | 19 4 . . . Treads 778 | 27 435 61 249 6 Legs 111 | . 111 . . . Wheels . | . . . . . Hover . | . . . . . Flight . | . . . . . Fastest Speed 50 | 50 160 160 160 240 Average Speed 183 | 114 181 160 206 240 Slowest Speed 250 | 160 250 160 240 240 Overloaded Moves . | . . . . . Propulsion Burnouts . | . . . . . Robots Hopped . | . . . . . Cave-ins Triggered . | . . . . . Exploration Rate (%) 30 | 3 72 9 63 4 Regions Visited 4 Branch Regions 3 Pre-discovered Areas 1 | . . . . 1 Known Exits Taken . | . . . . . Unknown Exits Taken 4 | 1 1 1 1 . Scrap Searched . | . . . . . Spaces Dug . | . . . . . Terrain Destroyed 39 | . . . 28 11 Melee . | . . . . . Projectile 1 | . . . 1 . AOE 38 | . . . 27 11 Terrain Rammed . | . . . . . Walls Destroyed . | . . . . . Machines Disabled . | . . . . . Actions | -11 -10 -10 -10 -9 --------- Run | Jun Mat Min Exi Min Total 1098 | 58 676 73 284 7 Wait 34 | . 4 . 30 . Move 908 | 45 549 60 248 6 Hop . | . . . . . Pick Up 38 | 7 29 2 . . Fast Attach 3 | . 1 1 1 . Attach 19 | 6 13 . . . Detach 1 | . 1 . . . Swap 5 | . 4 1 . . Drop 8 | . 4 3 1 . Fire 82 | . 71 6 4 1 Melee . | . . . . . Ram . | . . . . . Kick . | . . . . . Crush . | . . . . . Escape Stasis . | . . . . . Rewire . | . . . . . Trap . | . . . . . Miscellaneous . | . . . . . Route ------- -11/Junkyard -10/Materials (discovered 3 exits: [*Mat x2] / [*Min]) -10/Mines -10/Exiles (discovered 2 exits: [*Min x2]) -9/Mines History --------- Turn | Location | Event 10 | -11/Junkyard | Discovered new exit (range 16) 66 | -11/Junkyard | Entered Materials 249 | -10/Materials | Discovered new exit (range 4) 300 | -10/Materials | Build established: Mutant 701 | -10/Materials | Discovered new exit (range 12) 900 | -10/Materials | Derelicts attacked the area 940 | -10/Materials | Core integrity fell below 50% 962 | -10/Materials | Discovered new exit (range 5) 1313 | -10/Materials | Entered Mines 1425 | -10/Mines | Deemed a non-threat by the Exiles lab entrance 1425 | -10/Mines | Discovered new exit (range 5) 1433 | -10/Mines | Entered Exiles 1433 | -10/Exiles | Found Exiles lab destroyed 1454 | -10/Exiles | Discovered new exit (range 15) 1598 | -10/Exiles | Opened EX-Vault 1603 | -10/Exiles | Found Prototype Energy Cannon 1603 | -10/Exiles | Identified Latent Energy Streamer 1886 | -10/Exiles | System corruption reached 10% 1965 | -10/Exiles | Discovered new exit (range 12) 1989 | -10/Exiles | Entered Mines 1990 | -9/Mines | Learned location of Storage (-8) 2003 | -9/Mines | Core integrity fell below 20% 2007 | -9/Mines | Self-destructed Last Messages --------------- runs. 01834_ System corrupted: Component data lost. 01860_ Targeting Computer fried. 01860_ H-55 Commando destroyed. 01886_ System corrupted: Heat flow error (+148). 01909_ System corrupted: Matter fused (-6). 01958_ 44C GB X 4NCRWZ%TL